 Dungeon Crawl Stone Soup version 0.31.0-9-g3a7656b989 (console) character file.

Game seed: 13941886158280965717

43050 AlterAsc the Severer (level 14, -9/108 HPs)
             Began as a Formicid Fighter on Jan 28, 2024.
             Was a High Priest of Okawaru.
             Mangled by an ogre
             ... wielding a +0 giant spiked club
              (14 damage)
             ... on level 2 of the Orcish Mines.
             The game lasted 00:41:56 (16976 turns).

AlterAsc the Severer (Formicid Fighter)            Turns: 16976, Time: 00:41:56

Health: -9/108     AC: 23    Str: 25    XL:     14   Next: 58%
Magic:  10/19      EV: 10    Int:  9    God:    Okawaru [*****.]
Gold:   1348       SH: 18    Dex: 13    Spells: 13/13 levels left

rFire   . . .        d - +2 war axe (flame)
rCold   . . .        Q - +0 kite shield
rNeg    . . .        C - +2 chain mail {rPois}
rPois   +            (helmet unavailable)
rElec   .            l - +0 cloak
rCorr   .            r - +0 pair of gloves
SInv    +            n - +0 pair of boots
Will    +....        b - amulet of reflection Stlth
                     k - +4 ring of protection
HPRegen 0.38/turn    v - ring of flight
MPRegen 0.16/turn

%: reflection
@: brilliant, silenced, heroic, flying
A: permanent stasis, dig shafts and tunnels, antennae 3, four strong arms
a: Dig, Shaft Self, Renounce Religion


You were on level 2 of the Orcish Mines.
You worshipped Okawaru.
Okawaru was extremely pleased with you.
You visited 4 branches of the dungeon, and saw 19 of its levels.
You also visited: Bailey.

You collected 1348 gold pieces.

Inventory:

Hand Weapons
 d - a +2 war axe of flaming (weapon)
 P - a +4 spear
 Y - the +8 executioner's axe of the Grey Skies {speed, ^Fragile rElec Dex+4}
   (Okawaru gifted it to you on level 4 of the Lair of Beasts)

   Dex+4:     It affects your dexterity (+4).
   rElec:     It insulates you from electricity.
   ^Fragile:  It will be destroyed if unequipped.
Missiles
 N - 9 javelins
 R - 56 poisoned darts (quivered)
 T - 3 curare-tipped darts
Armour
 l - a +0 cloak (worn)
 n - a +0 pair of boots (worn)
 r - a +0 pair of gloves (worn)
 C - a +2 chain mail of poison resistance (worn)
 Q - a +0 kite shield (worn)
 Z - the +1 tower shield "Ciedoeg" {rC++ rCorr}
   (Okawaru gifted it to you on level 4 of the Lair of Beasts)

   rC++:      It greatly protects you from cold.
   rCorr:     It protects you from acid and corrosion.
Jewellery
 b - an amulet of reflection (around neck)
 k - a +4 ring of protection (left hand)
 v - a ring of flight (right hand)
 E - an amulet of guardian spirit
Wands
 c - a wand of digging (4)
 t - a wand of acid (12)
 A - a wand of roots (17)
 J - a wand of flame (15)
 O - a wand of mindburst (8)
Scrolls
 e - 10 scrolls of teleportation
 g - 2 scrolls of blinking
 i - 3 scrolls of revelation
 j - 4 scrolls of poison
 o - 2 scrolls of vulnerability {unknown}
 q - 2 scrolls of torment {unknown}
 x - a scroll of silence
 y - 3 scrolls of fog {unknown}
 D - a scroll of acquirement {unknown}
 G - 2 scrolls of immolation {unknown}
 I - a scroll of enchant armour {unknown}
 K - a scroll of brand weapon {unknown}
 L - a scroll of amnesia {unknown}
 W - 2 scrolls of fear {unknown}
Potions
 f - 3 potions of attraction
 h - a potion of resistance {unknown}
 m - 2 potions of lignification
 p - 2 potions of mutation
 u - 2 potions of magic
 w - 2 potions of curing {unknown}
 z - a potion of enlightenment {unknown}
 B - a potion of invisibility {unknown}
 F - 4 potions of haste
 H - 2 potions of brilliance
 M - a potion of ambrosia {unknown}
 V - a potion of berserk rage {unknown}
 X - a potion of degeneration {unknown}
Miscellaneous
 S - a tin of tremorstones (2/2)


   Skills:
 - Level 9.0(14.0) Fighting
 + Level 19.4(24.4) Axes
 - Level 9.0(14.0) Armour
 - Level 11.0(16.0) Shields
 + Level 6.9 Invocations


You had 13 spell levels left.
You didn't know any spells.
Your spell library contained the following spells:

 Spells                   Type           Power      Damage    Failure   Level
 Apportation              Tloc           0%         N/A       89%         1
 Kiss of Death            Conj/Necr      0%         2d5       89%         1
 Necrotise                Necr           0%         1d4       89%         1
 Slow                     Hex            0%         N/A       89%         1
 Sting                    Conj/Alch      0%         1d3       89%         1
 Jinxbite                 Hex            0%         N/A       96%         2
 Confusing Touch          Hex            0%         N/A       99%         3
 Dazzling Flash           Conj/Hex       0%         N/A       99%         3
 Frozen Ramparts          Ice            0%         1d1       99%         3
 Mephitic Cloud           Conj/Alch/Air  0%         N/A       99%         3
 Sigil of Binding         Hex            0%         N/A       99%         3
 Vampiric Draining        Necr           0%         2d6       99%         3
 Volatile Blastmotes      Fire/Tloc      0%         2d10      99%         3
 Dimensional Bullseye     Hex/Tloc       0%         N/A       100%        4
 Dispel Undead            Necr           0%         3d6       100%        4
 Fulminant Prism          Conj/Alch      0%         3d5       100%        4
 Iskenderun's Mystic Bla  Conj/Tloc      0%         2d3       100%        4
 Leda's Liquefaction      Alch/Erth      0%         N/A       100%        4
 Petrify                  Alch/Erth      0%         N/A       100%        4
 Curse of Agony           Necr           0%         N/A       100%        5
 Iskenderun's Battlesphe  Conj           0%         2d6       100%        5
 Metabolic Englaciation   Hex/Ice        0%         N/A       100%        5
 Silence                  Hex/Air        0%         N/A       100%        5
 Yara's Violent Unravell  Hex/Alch       0%         3d3       100%        5
 Bombard                  Conj/Erth      0%         9d1       100%        6
 Enfeeble                 Hex            0%         N/A       100%        7
 Summon Small Mammal      Summ           Unusable   N/A       N/A         1
 Call Canine Familiar     Summ           Unusable   N/A       N/A         3
 Summon Forest            Summ/Tloc      Unusable   N/A       N/A         5
 Summon Mana Viper        Hex/Summ       Unusable   N/A       N/A         5
 Summon Cactus Giant      Summ           Unusable   N/A       N/A         6
 Spellforged Servitor     Conj/Summ      Unusable   N/A       N/A         7

Dungeon Overview and Level Annotations

Branches:
Dungeon (12/15)            Temple (1/1) D:5            Lair (4/5) D:8
  Swamp (0/4) Lair:2        Snake (0/4) Lair:3        Slime (0/5) Lair:4
    Orc (1/2) D:12         Bailey (visited)

Altars:
Ashenzari
Cheibriados
Dithmenos
Elyvilon
Fedhas
Gozag
Hepliaklqana
Kikubaaqudgha
Makhleb
Nemelex Xobeh
Okawaru
Qazlal
Ru
Sif Muna
Trog
Uskayaw
Vehumet
Wu Jian
Xom
Yredelemnul
Zin
The Shining One

Shops:
D:6 *   D:9 :   Orc:2 [

Annotations:
D:6 Jeremiah
D:7 Joseph
Orc:1 Erolcha, Urug


Innate Abilities, Weirdness & Mutations

You cannot be hasted, slowed, berserked, paralysed or teleported.
You can dig through walls and to a lower floor.
You have a pair of large antennae on your head. (SInv)
Your four strong arms can wield two-handed weapons with a shield.


Message History

You begin to dig a shaft.
You continue digging a shaft.
A shaft appears beneath you!
You are sucked into a shaft and drop 1 floor!
The shaft crumbles and collapses.
Beware, you cannot shaft yourself on this level.
The orc high priest shouts!
The orc warrior shouts!
The orc high priest shouts! x2; The ogre shouts!
The orc knight shouts!
The kobold blastminer shouts!
You hear a shout! x2
Found 27 gold pieces.
Found Begoicw's Antique Armour Shop.
Okay, then.
As you read the scroll of silence, it crumbles to dust.
A profound silence engulfs you.
The kobold blastminer wields a +0 arbalest.
The kobold blastminer shoots a bolt.
You block the bolt with an invisible shield... and reflect it back!
The bolt hits the kobold blastminer!
The orc high priest hits you but does no damage.
You block the orc high priest's attack.
The orc high priest hits you but does no damage.
The orc warrior hits the fungus with a +0 war axe!
The fungus begins to die.
The orc warrior hits the fungus with a +0 halberd!
The orc knight hits the fungus with a +0 war axe!!
The fungus begins to die.
The kobold blastminer shoots a bolt.
You block the bolt with an invisible shield... and reflect it back!
The bolt hits the kobold blastminer!
The orc warlord attacks as it pursues you!
The orc warlord hits you but does no damage.
The orc knight roars a battlecry!
The orcs go into a battle-frenzy!
The orc warrior hits the fungus with a +0 war axe!!
The orc warrior hits you from afar with a +0 halberd!
* * * LOW HITPOINT WARNING * * *
An orc warrior comes into view. It is wielding a +0 battleaxe.
An orc knight comes into view. It is wielding a +2 great mace.
An orc warrior comes into view. It is wielding a +0 trident.
A nearby fungus withers and dies. x2
The orc high priest prays to Beogh.
The ogre attacks as it pursues you!
The ogre hits you with a +0 giant spiked club!
You die...

... ## ...###.##
........# ##
.....$.@### ##.##
.......oO.##....#
..........o......
.......o.P.......
P.......ooPoPP...
.P.......o....P..
.PP......33....P.
.oKP............P
oo........∩.P...
......PP........
.......P8......


You could see an orc warlord (strong), 2 orc knights, 3 orc high priests, a
kobold blastminer, a sixfirhy (summoned), a ynoxinul (summoned), 2 orc warriors
and an ogre.

Vanquished Creatures
  Jorgrun (D:12)
  An orc warlord (Arena)
  Snorg (D:12)
  Josephine (D:12)
  A centaur warrior (D:11)
  6 two-headed ogres
  Pikel (D:7)
  A lindwurm (Lair:1)
  A deep elf pyromancer (D:12)
  An orc knight (Bailey)
  An ugly thing (D:12)
  2 cyclopes (D:11)
  A salamander (Lair:3)
  2 orc sorcerers (Orc:1)
  11 elephants
  4 black mambas (Lair:4)
  A torpor snail (Lair:2)
  7 cane toads
  3 rime drakes
  4 unseen horrors
  2 kobold demonologists
  7 komodo dragons
  3 trolls
  A polar bear (Lair:2)
  A hornet (D:9)
  2 tyrant leeches
  5 blink frogs (Lair:4)
  5 slime creatures (D:12)
  9 dream sheep
  A shadow (D:10)
  17 yaks
  3 spriggans (Lair:4)
  A vampire (D:12)
  A wyvern (Lair:4)
  2 basilisks
  A steam dragon (D:8)
  6 wraiths (D:12)
  6 humans (D:8)
  Menkaure (D:4)
  8 vampire mosquitoes
  3 nagas (Lair:3)
  3 swamp worms
  5 water moccasins
  Edmund (D:5)
  2 acid dragons
  6 ice beasts (D:8)
  3 sky beasts
  A black bear (D:5)
  6 orc warriors
  4 ogres
  6 wolves
  7 centaurs
  3 phantoms
  Blork the orc (D:4)
  9 kobold brigands
  13 bullfrogs
  3 gnoll sergeants
  3 scorpions
  9 wights
  9 killer bees
  A howler monkey (D:6)
  2 bombardier beetles (D:5)
  4 electric eels (D:10)
  2 hounds
  2 jellies
  6 orc priests
  4 sleepcaps
  2 iguanas
  9 orc wizards
  13 gnolls
  10 adders
  A shadow imp (D:8)
  2 ufetubi (D:7)
  4 ribbon worms
  3 dart slugs
  45 orcs
  2 bats
  9 endoplasms
  5 giant cockroaches
  13 goblins
  7 hobgoblins
  6 jackals
  5 quokkas
  12 ball pythons
  2 frilled lizards (D:2)
  34 kobolds
  7 rats
442 creatures vanquished.

Vanquished Creatures (others)
  2 kobold brigands (Bailey)
2 creatures vanquished.

Grand Total: 444 creatures vanquished

Notes
Turn   | Place    | Note
-------+----------+-------------------------------------------
     0 | D:1      | AlterAsc the Formicid Fighter began the quest for the Orb.
     0 | D:1      | Reached XP level 1. HP: 18/18 MP: 1/1
   140 | D:1      | Reached XP level 2. HP: 24/24 MP: 2/2
   189 | D:1      | Reached skill level 3 in Axes
   240 | D:1      | Reached XP level 3. HP: 22/29 MP: 3/3
   995 | D:2      | Reached skill level 4 in Axes
   995 | D:2      | Reached XP level 4. HP: 26/35 MP: 4/4
  1395 | D:2      | Reached XP level 5. HP: 40/41 MP: 5/5
  1641 | D:3      | Reached skill level 5 in Axes
  2593 | D:4      | Noticed Blork the orc
  2606 | D:4      | Killed Blork the orc
  2607 | D:4      | Reached skill level 6 in Axes
  2607 | D:4      | Reached XP level 6. HP: 32/47 MP: 6/6
  2748 | D:4      | Noticed Menkaure
  2750 | D:4      | Reached skill level 7 in Axes
  2750 | D:4      | Reached XP level 7. HP: 52/52 MP: 7/7
  2756 | D:4      | Killed Menkaure
  2986 | D:4      | Reached skill level 8 in Axes
  3112 | D:4      | Found an iron altar of Okawaru.
  3127 | D:4      | Became a worshipper of Warmaster Okawaru
  3132 | D:4      | Found a glowing golden altar of the Shining One.
  3495 | D:5      | Entered Level 5 of the Dungeon
  3508 | D:5      | Reached skill level 1 in Invocations
  3622 | D:5      | Reached XP level 8. HP: 58/58 MP: 7/9
  3703 | D:5      | Noticed Edmund
  3724 | D:5      | Killed Edmund
  3874 | D:5      | Found a staircase to the Ecumenical Temple.
  3897 | Temple   | Entered the Ecumenical Temple
  3965 | D:5      | Reached skill level 9 in Axes
  4301 | D:6      | Reached * piety under Okawaru
  4319 | D:6      | Identified the +2 quarterstaff "Voetwat" {flame, MP+9
                  | Int+4}
  4330 | D:6      | Reached skill level 10 in Axes
  4361 | D:6      | Noticed Jeremiah
  4425 | D:6      | Reached XP level 9. HP: 64/64 MP: 11/11
  4502 | D:6      | Found an opulent altar of Gozag.
  4505 | D:6      | Found Gozag's Platinum Reserve.
  4760 | D:6      | Reached skill level 11 in Axes
  4817 | D:6      | Found the +0 toga "Victory" {*Victory Clar}
  4937 | D:6      | Found a stormy altar of Qazlal.
  5163 | D:7      | Noticed Pikel
  5169 | D:7      | Killed Pikel
  5169 | D:7      | Reached ** piety under Okawaru
  5170 | D:7      | Reached skill level 12 in Axes
  5305 | D:7      | Noticed a two-headed ogre
  5308 | D:7      | Noticed Joseph
  5531 | D:7      | Found a flagged portal.
  5541 | Bailey   | Entered a bailey
  5576 | Bailey   | Reached XP level 10. HP: 42/70 MP: 12/12
  5712 | Bailey   | Reached skill level 13 in Axes
  5723 | Bailey   | Noticed an orc knight
  5740 | Bailey   | Killed an orc knight
  5740 | Bailey   | Reached *** piety under Okawaru
  5748 | Bailey   | Found a bloodstained altar of Trog.
  5978 | D:8      | Reached skill level 14 in Axes
  6159 | D:8      | Found a staircase to the Lair.
  6160 | D:8      | Noticed a rime drake
  6179 | D:8      | Killed a rime drake
  6332 | D:8      | Reached **** piety under Okawaru
  6338 | D:8      | Reached skill level 15 in Axes
  6352 | D:8      | Reached XP level 11. HP: 65/75 MP: 13/13
  7312 | Lair:1   | Entered Level 1 of the Lair of Beasts
  7461 | Lair:1   | Noticed an elephant
  7462 | Lair:1   | Noticed an elephant
  7462 | Lair:1   | Noticed an elephant
  7462 | Lair:1   | Noticed an elephant
  7501 | Lair:1   | Reached skill level 16 in Axes
  7524 | Lair:1   | Killed an elephant
  7524 | Lair:1   | Reached ***** piety under Okawaru
  7557 | Lair:1   | Killed an elephant
  7587 | Lair:1   | Killed an elephant
  7588 | Lair:1   | Reached skill level 5 in Shields
  7790 | Lair:1   | Noticed a lindwurm
  7801 | Lair:1   | Killed a lindwurm
  7802 | Lair:1   | Reached skill level 5 in Fighting
  7802 | Lair:1   | Reached skill level 5 in Armour
  7807 | Lair:1   | Identified the +5 dagger of Wyrd {pain, rPois}
  8118 | Lair:1   | Noticed an elephant
  8131 | Lair:1   | Killed an elephant
  8131 | Lair:1   | Noticed an elephant
  8154 | Lair:1   | Killed an elephant
  8164 | Lair:1   | Killed an elephant
  8749 | Lair:2   | Reached XP level 12. HP: 78/88 MP: 14/14
  8848 | Lair:2   | You are sucked into a shaft and drop 2 floors!
  9429 | Lair:4   | Received a gift from Okawaru
 10086 | Lair:4   | Received a gift from Okawaru
 10128 | Lair:4   | Reached ****** piety under Okawaru
 10129 | Lair:4   | Acquired the +1 tower shield "Ciedoeg" {rC++ rCorr}
 10129 | Lair:4   | Received a gift from Okawaru
 10130 | Lair:4   | Acquired the +8 executioner's axe of the Grey Skies {speed,
                  | ^Fragile rElec Dex+4}
 10130 | Lair:4   | Received a gift from Okawaru
 10347 | Lair:4   | Reached skill level 5 in Invocations
 10372 | Lair:4   | Found a staircase to the Slime Pits.
 10849 | Lair:3   | Reached XP level 13. HP: 99/99 MP: 16/16
 10880 | Lair:3   | Received a gift from Okawaru
 10896 | Lair:3   | Reached skill level 10 in Shields
 11637 | Lair:3   | Found a staircase to the Snake Pit.
 11942 | Lair:2   | Found a staircase to the Swamp.
 13205 | D:9      | Reached skill level 17 in Axes
 13506 | D:9      | Found Epuweutene's Book Shop.
 13828 | D:10     | Entered Level 10 of the Dungeon
 14655 | D:11     | Noticed a centaur warrior
 14667 | D:11     | Killed a centaur warrior
 14675 | D:11     | Received a gift from Okawaru
 14928 | D:11     | Reached skill level 18 in Axes
 15020 | D:11     | Found an iron altar of Okawaru.
 15036 | D:11     | Reached XP level 14. HP: 108/108 MP: 17/17
 15623 | D:12     | Identified the +4 falchion "Puikkud" {freeze, rN+ Str+5
                  | Int+2}
 15631 | D:12     | Noticed Jorgrun
 15645 | D:12     | Killed Jorgrun
 15645 | D:12     | Received a gift from Okawaru
 15796 | D:12     | Noticed Snorg
 15823 | D:12     | Killed Snorg
 15826 | D:12     | Noticed Josephine
 15834 | D:12     | Killed Josephine
 15861 | D:12     | Reached skill level 19 in Axes
 16106 | D:12     | Found a staircase to the Orcish Mines.
 16856 | Orc:1    | Entered Level 1 of the Orcish Mines
 16861 | Orc:1    | Received a gift from Okawaru
 16908 | Orc:1    | Noticed Erolcha
 16909 | Orc:1    | Noticed an orc warlord
 16915 | Orc:1    | Noticed Urug
 16937 | Arena    | Entered the Arena
 16941 | Arena    | Killed an orc warlord
 16968 | Orc:1    | You are sucked into a shaft and drop 1 floor!
 16968 | Orc:2    | Entered Level 2 of the Orcish Mines
 16968 | Orc:2    | Noticed an orc warlord
 16968 | Orc:2    | Found Begoicw's Antique Armour Shop.
 16974 | Orc:2    | HP: 4/108 [orc warrior/+0 halberd (17)]
 16976 | Orc:2    | Mangled by an ogre

Illustrated notes

Levels and vault maps discovered:
D:1:      sevenhm_arrival_forest_fort_small_4, layout_basic
D:2:      layout_loops_ring, minmay_misc_feat_rows, minmay_joined_circles
D:3:      layout_loops_corners
D:4:      layout_rooms, mainiacjoe_overflow_large_starburst, kennysheep_diamond,
          minmay_pentomino_pile, uniq_blork_the_orc, uniq_menkaure
D:5:      layout_basic, minmay_temple_entry_purple_smoke, uniq_edmund
D:6:      layout_loops_ring, mainiacjoe_overflow_alcove_1,
          nicolae_gozag_zags_fifth_avenue, minmay_checkerbox, uniq_jeremiah
D:7:      layout_loops_ring, enter_bailey_3, uniq_pikel, uniq_joseph
D:8:      layout_basic, hellmonk_lair_entry_icy, minmay_ruffians
D:9:      layout_long_grid, serial_shops, nicolae_shop_behind_doors,
          kennysheep_generic_room_5
D:10:     layout_basic
D:11:     layout_cave_pools, okawaru_gym_becter
D:12:     layout_grid_maze, orc_0_dummy, grunt_ministairs_9, uniq_snorg,
          uniq_jorgrun, uniq_josephine
Temple:   regret_index_temple_mists
Lair:1:   layout_regular_city, nicolae_lair_lindhole
Lair:2:   layout_long_grid, minmay_swamp_entry_worms, minmay_stone_trees_medium,
          chequers_serial_rivers_micro_a
Lair:3:   layout_cave_pods, alex1729_snake_entry_snake, serial_bayou_pond_a,
          worms_lemuel
Lair:4:   layout_hall_layers, dpeg_slime_entry_corner, wad_woods_02
Orc:1:    layout_caves, gammafunk_ghost_abyssal_escape,
          nicolae_orc_beogh_chapel, uniq_urug, uniq_erolcha
Orc:2:    grunt_orc_gardens, layout_caves, grunt_orc_garden, grunt_orc_garden,
          grunt_orc_garden, grunt_orc_garden, serial_shops, shop, mines2_david

Skill      XL: |  1  2  3  4  5  6  7  8  9 10 11 12 13 14 |
---------------+-------------------------------------------+-----
Axes           | 3 4 6 7 8 10 12 15 16 18 19 | 19.4
Invocations    | 1 3 5 6 |  6.9
Fighting       | 6 8 9 |  9.0
Armour         | 6 8 9 |  9.0
Shields        | 6 9 11 | 11.0

Action                     |  1- 3 |  4- 6 |  7- 9 | 10-12 | 13-15 || total
---------------------------+-------+-------+-------+-------+-------++-------
  Melee: War axe           |    92 |   132 |   246 |   451 |   544 ||  1465
         Spear             |       |       |       |    40 |       ||    40
  Throw: Javelin           |       |       |     1 |       |       ||     1
 Invoke: Heroism           |       |       |       |     3 |    11 ||    14
         Receive Weapon    |       |       |       |     1 |       ||     1
         Receive Armour    |       |       |       |     1 |       ||     1
         Finesse           |       |       |       |       |     3 ||     3
         Duel              |       |       |       |       |     1 ||     1
Ability: Dig               |       |       |     1 |     2 |       ||     3
         Shaft Self        |       |       |       |     1 |     1 ||     2
    Use: Potion            |       |     1 |       |     1 |     4 ||     6
         Scroll            |       |       |     4 |     3 |     5 ||    12
 Armour: Scale mail        |    63 |    78 |    39 |       |       ||   180
         Chain mail        |       |       |   146 |   273 |   312 ||   731
  Dodge: Dodged            |    30 |    54 |    56 |   100 |    99 ||   339
  Block: Buckler           |    13 |    29 |   118 |   157 |       ||   317
         Reflection        |       |       |     5 |     6 |    19 ||    30
         Kite shield       |       |       |       |    36 |   430 ||   466
